 Dungeon Crawl Stone Soup version 0.26-a0-708-g17f3b190f9 (webtiles) character file.

Game seed: 10574540237035080432

448 mattiecakes the Chopper (level 6, 0/54 HPs)
             Began as a Palentonga Abyssal Knight on Oct 29, 2020.
             Was a Believer of Lugonu.
             Slain by a gnoll
             ... wielding a +3 flail of draining
              (5 damage)
             ... on level 4 of the Dungeon.
             The game lasted 00:08:21 (3974 turns).

mattiecakes the Chopper (Palentonga Abyssal Knight) Turns: 3974, Time: 00:08:21

Health: 0/54       AC:  9    Str: 18    XL:     6   Next: 73%
Magic:  7/7        EV:  4    Int: 12    God:    Lugonu [**....]
Gold:   155        SH:  0    Dex:  9    Spells: 5/5 levels left

rFire    + . .     SeeInvis +   l - +0 war axe
rCold    . . .     Faith    .   (no shield)
rNeg     . . .     Spirit   .   o - +2 chain mail {rF+}
rPois    .         Reflect  .   (no helmet)
rElec    .         Harm     .   (no cloak)
rCorr    .         Rampage  .   (no gloves)
MR       .....                  (no barding)
Stlth    ..........             (no amulet)
HPRegen  0.18/turn              (no ring)
MPRegen  0.10/turn              (no ring)

@: heavily drained
A: large, rugged brown scales 3, see invisible, deformed body, roll, armoured
tail
a: Rolling Charge, Depart the Abyss, Bend Space, Renounce Religion


You were on level 4 of the Dungeon.
You worshipped Lugonu.
Lugonu was pleased with you.
You visited 1 branch of the dungeon, and saw 4 of its levels.
You visited the Abyss 1 time.

You collected 155 gold pieces.

Inventory:

Hand Weapons
 l - a +0 war axe (weapon)
Armour
 o - a +2 chain mail of fire resistance (worn)
Jewellery
 n - a +4 ring of protection {unknown}
Wands
 m - a wand of random effects (27)
Scrolls
 b - a scroll of remove curse {unknown}
 c - 2 scrolls of acquirement {unknown}
 e - a scroll of enchant weapon {unknown}
 f - 7 scrolls of identify {unknown}
 g - 2 scrolls of teleportation {unknown}
 h - a scroll of amnesia {unknown}
 p - a scroll of magic mapping {unknown}
Potions
 a - 3 potions of curing {unknown}
 d - 2 potions of might {unknown}
 i - 2 potions of flight {unknown}
 j - a potion of berserk rage {unknown}
 k - a potion of resistance {unknown}


   Skills:
 - Level 3.2(1.5) Fighting
 + Level 7.2(5.3) Axes
 - Level 1.5(0.0) Armour
 - Level 0.7(0.0) Dodging
 - Level 2.1(0.5) Invocations


You had 5 spell levels left.
You didn't know any spells.
Your spell library was empty.

Dungeon Overview and Level Annotations

Branches:
Dungeon (4/15)
 Temple: D:4-7

Altars:
Okawaru
Ru

Shops:
D:4 *


Innate Abilities, Weirdness & Mutations

You are completely covered in rugged brown scales. (AC +3, +7% HP)
You have supernaturally acute eyesight. (SInv)
Armour fits poorly on your strangely shaped body.
You can roll at foes to attack.
You have a long armoured tail.


Message History

Lugonu accepts your kill.
You closely miss the gnoll.
The gnoll hits you with a +3 flail of draining!
You feel drained.
You are too injured to fight recklessly!
You are too injured to fight recklessly!
Unknown command.
You slash the gnoll!
The gnoll is almost dead.
The gnoll hits you but does no damage.
You feel drained.
Your chain mail prevents you from hitting the gnoll.
The gnoll is almost dead.
The gnoll hits you with a +3 flail of draining.
You feel drained.
You barely miss the gnoll.
The gnoll is almost dead.
The gnoll hits you with a +3 flail of draining!
* * * LOW HITPOINT WARNING * * *
You feel drained.
You die...

.# ## .# #### .#.## ##..##
.# ##...# .# .....# ##### ..
...#.# ##g@.## .# #.##.#
##.###<##.# #.##.########.##
##[#.# .# #.............#
#.#.#..# ####.########.##
##.[....#
#....∩......g.)###.......#
#..#.####...................
#..#.# #g#####)##..........
#..#.# #.# #.##.......###


You could see a gnoll.

Vanquished Creatures
  4 orc priests
  A gnoll shaman (D:4)
  Ijyb (D:3)
  5 orc wizards
  An adder (D:3)
  6 gnolls (D:4)
  An ooze (D:3)
  3 worms
  2 dart slugs (D:1)
  A leopard gecko (D:4)
  8 orcs (D:3)
  A ball python (D:3)
  7 bats
  2 giant cockroaches
  5 goblins
  7 hobgoblins
  3 jackals (D:3)
  7 kobolds
  3 quokkas
  2 frilled lizards
  4 rats
74 creatures vanquished.

Notes
Turn   | Place    | Note
-------+----------+-------------------------------------------
     0 | Abyss:1  | mattiecakes the Palentonga Abyssal Knight began the quest
                  | for the Orb.
     0 | Abyss:1  | Reached XP level 1. HP: 20/20 MP: 2/2
    46 | Abyss:2  | Noticed a thrashing horror
    48 | D:1      | Escaped the Abyss
   480 | D:1      | Reached XP level 2. HP: 26/27 MP: 3/3
   626 | D:1      | Reached * piety under Lugonu
   817 | D:1      | Reached skill level 3 in Axes
  1328 | D:2      | Found a sacrificial altar of Ru.
  1413 | D:2      | Reached XP level 3. HP: 22/33 MP: 4/4
  2580 | D:3      | Reached skill level 4 in Axes
  2730 | D:3      | Reached XP level 4. HP: 39/40 MP: 5/5
  2765 | D:3      | Noticed Ijyb
  2792 | D:3      | Killed Ijyb
  2792 | D:3      | Reached skill level 5 in Axes
  2792 | D:3      | Reached XP level 5. HP: 24/48 MP: 6/6
  3054 | D:3      | Reached skill level 6 in Axes
  3480 | D:4      | Reached XP level 6. HP: 40/54 MP: 7/7
  3624 | D:4      | Found Ekarch's Assorted Antiques.
  3649 | D:4      | Found an iron altar of Okawaru.
  3662 | D:4      | Reached ** piety under Lugonu
  3817 | D:4      | Reached skill level 7 in Axes
  3974 | D:4      | Slain by a gnoll

Illustrated notes

Levels and vault maps discovered:
D:1:      dpeg_arrival_circle_labyrinth_c, layout_basic, roderic_lattice_a
D:2:      layout_loops_ring, nicolae_ru_path_of_blood
D:3:      layout_basic, uniq_ijyb
D:4:      layout_loops_ring, okawaru_altar_gauntlet_db,
          minmay_temple_entry_statues, serial_shops, shop

Skill      XL: |  1  2  3  4  5  6 |
---------------+-------------------+-----
Axes           | 3 4 5 6 7 |  7.2
Fighting       | |  3.2
Armour         | |  1.5
Dodging        | |  0.7
Invocations    | |  2.1

Action                   |  1- 3 |  4- 6 || total
-------------------------+-------+-------++-------
Melee: Hand axe          |   108 |       ||   108
       Tailslap          |    13 |    22 ||    35
       War axe           |    35 |   143 ||   178
Invok: Depart the Abyss  |     1 |       ||     1
Armor: Leather armour    |    65 |       ||    65
       Ring mail         |    10 |       ||    10
       Chain mail        |     4 |   122 ||   126
Dodge: Dodged            |    88 |    52 ||   140

Table legend: (Time is in decaauts)
 A = Elapsed time spent in this place.
 B = Non-inter-level travel time spent in this place.
 C = Inter-level travel time spent in this place.
 D = Time resting spent in this place.
 E = Time spent auto-exploring this place.
 F = Levels seen in this place.
 G = Mean time per level.
                   A        B        C        D        E       F      G
               +--------+--------+--------+--------+--------+-----+--------+
         Total |   4037 |   3856 |    181 |    576 |   2556 |   6 |  672.8 |
       Dungeon |   3989 |   3808 |    181 |    576 |   2556 |   4 |  997.2 |
         Abyss |     47 |     47 |      0 |      0 |      0 |   2 |   23.5 |
               +--------+--------+--------+--------+--------+-----+--------+

Top non-repeatable levels by time:
     D:3: 1521 daAuts
     D:1: 1243 daAuts
     D:2: 925 daAuts
     D:4: 299 daAuts
 Abyss:1: 29 daAuts
 Abyss:2: 18 daAuts
